 Dungeon Crawl Stone Soup version 0.32-a0-42-ga30500b4d3 (webtiles) character file.

Game seed: 15339941586137033664

16730 cforsyth the Fighter (level 12, -13/101 HPs)
             Began as a Djinni Warper on Feb 2, 2024.
             Was a Believer of the Shining One.
             Mangled by a komodo dragon (27 damage)
             ... on level 1 of the Lair of Beasts.
             The game lasted 00:28:17 (15882 turns).

cforsyth the Fighter (Djinni Warper)               Turns: 15882, Time: 00:28:18

Health: -13/101    AC:  7    Str:  8    XL:     12   Next: 73%
Gold:   300        EV: 27    Int: 24    God:    the Shining One [**....] SH:  0 Dex: 21

rFire   + + .        F - +1 short sword (elec)
rCold   x . .        (no shield)
rNeg    + . .        N - +0 troll leather armour
rPois   ∞            (no helmet)
rElec   .            P - +2 cloak of Valour {Str-2 Dex+6 SInv Stlth-}
rCorr   .            D - +0 pair of gloves
SInv    +            (boots unavailable)
Will    +....        v - amulet of the acrobat
Stlth   +            M - +6 ring of intelligence
HPRegen 1.16/turn    w - ring of see invisible
MPRegen 0.00/turn

%: acrobat, infuse magic (-14 HP)
@: acrobatic, flying, glowing
A: sickness immunity, fire resistance 2, cold vulnerability 1, float, innate
caster, HP casting, extra vitality 1
a: Renounce Religion, Divine Shield


You were on level 1 of the Lair of Beasts.
You worshipped the Shining One.
The Shining One was pleased with you.
You visited 3 branches of the dungeon, and saw 14 of its levels.
You also visited: Ossuary and Volcano.

You collected 802 gold pieces.
You spent 502 gold pieces at shops.

Inventory:

Hand Weapons
 a - a +0 falchion
 F - a +1 short sword of electrocution (weapon)
Missiles
 g - 54 poisoned darts
 I - 4 throwing nets
 K - 3 curare-tipped darts
Armour
 b - a +0 leather armour
 j - a +0 pair of gloves
 D - a +0 pair of gloves (worn)
 N - a +0 troll leather armour (worn)
 P - the +2 cloak of Valour (worn) {Str-2 Dex+6 SInv Stlth-}
   (You bought it in a shop on level 10 of the Dungeon)

   Str-2:     It affects your strength (-2).
   Dex+6:     It affects your dexterity (+6).
   SInv:      It lets you see invisible.
   Stlth-:    It makes you less stealthy.
Jewellery
 k - an amulet of faith
 o - a +6 ring of dexterity
 v - an amulet of the acrobat (around neck)
 w - a ring of see invisible (right hand)
 z - a +6 ring of strength
 A - a ring of wizardry
 M - a +6 ring of intelligence (left hand)
Wands
 n - a wand of polymorph (8)
 y - a wand of mindburst (2)
 L - a wand of roots (13)
 S - a wand of flame (19)
Scrolls
 c - 5 scrolls of blinking
 d - 2 scrolls of revelation
 e - 9 scrolls of teleportation
 f - 5 scrolls of brand weapon {unknown}
 h - 3 scrolls of vulnerability {unknown}
 m - 5 scrolls of amnesia {unknown}
 p - 4 scrolls of poison {unknown}
 q - a scroll of summoning {unknown}
 u - a scroll of enchant armour
 x - 6 scrolls of noise {unknown}
 E - 3 scrolls of fog
 H - a scroll of immolation
 J - 6 scrolls of enchant weapon {unknown}
 U - a scroll of silence {unknown}
Potions
 i - 2 potions of might
 l - a potion of berserk rage
 r - 2 potions of lignification
 s - 2 potions of enlightenment
 t - 2 potions of curing
 B - 2 potions of attraction
 C - a potion of haste
 G - 2 potions of resistance
 O - 3 potions of cancellation
 Q - a potion of mutation {unknown}
 R - 2 potions of brilliance {unknown}


   Skills:
 + Level 14.5 Fighting
 - Level 1.7 Long Blades
 - Level 0.7 Throwing
 - Level 1.0 Armour
 - Level 2.1 Dodging
 + Level 11.3 Spellcasting
 + Level 11.3 Conjurations
 + Level 11.3 Hexes
 + Level 11.3 Summonings
 + Level 11.3 Necromancy
 + Level 11.3 Translocations
 + Level 11.3 Fire Magic
 + Level 11.3 Ice Magic
 + Level 11.3 Air Magic
 + Level 11.3 Earth Magic
 + Level 11.3 Alchemy


You knew the following spells:

 Your Spells              Type           Power      Damage    Failure   Level
a - Blink                 Tloc           100%       N/A       1%          2
b - Lesser Beckoning      Tloc           100%       N/A       1%          2
c - Teleport Other        Tloc           62%        N/A       1%          3
d - Manifold Assault      Tloc           62%        N/A       1%          4
e - Vhi's Electric Charg  Tloc/Air       100%       N/A       1%          4
f - Sting                 Conj/Alch      100%       1d9       1%          1
g - Searing Ray           Conj           100%       2d8       1%          2
h - Call Imp              Summ           100%       N/A       1%          2
i - Mephitic Cloud        Conj/Alch/Air  62%        N/A       1%          3
j - Ignite Poison         Fire/Alch      62%        N/A       1%          4
Your spell library was empty.

Dungeon Overview and Level Annotations

Branches:
Dungeon (12/15)            Temple (1/1) D:4            Lair (1/5) D:10
    Orc (0/2) D:12        Ossuary (visited)         Volcano (visited)

Altars:
Ashenzari
Cheibriados
Dithmenos
Elyvilon
Fedhas
Gozag
Hepliaklqana
Makhleb
Nemelex Xobeh
Okawaru
Qazlal
Ru
Trog
Uskayaw
Wu Jian
Xom
Yredelemnul
Zin
The Shining One

Shops:
D:2 =   D:4 [   D:7 ?   D:10 [

Annotations:
D:9 1 runed translucent door


Innate Abilities, Weirdness & Mutations

You are immune to sickness and miasma.
You are immune to poison.
Your flesh is very heat resistant. (rF++)
You are vulnerable to cold. (rC-)
You float through the air rather than walking.
You learn spells naturally, not from books.
Your magical power is your life essence.
You have superior vitality. (+4 MHP)


Message History

Casting: Blink (safe; 1% risk of failure)
Confirm with . or Enter, or press ? or * to list all spells.
You blink.
* * * LOW HITPOINT WARNING * * *
Casting: Blink (safe; 1% risk of failure)
Confirm with . or Enter, or press ? or * to list all spells.
Aiming: Mephitic Cloud (safe; 1% risk of failure)
Press: ? - help, Shift-Dir - straight line, f/p - komodo dragon
Aim: a komodo dragon (moderately wounded, haloed, chance to affect: 62%)
The ball explodes into a vile cloud!
The stinking cloud engulfs the komodo dragon.
The komodo dragon is moderately wounded.
* * * LOW HITPOINT WARNING * * *
The komodo dragon is engulfed in noxious fumes.
Okay, then.
You feel ready to blink again. The komodo dragon barely misses you.
Casting: Mephitic Cloud (safe; 1% risk of failure)
Confirm with . or Enter, or press ? or * to list all spells.
You blink.
* * * LOW HITPOINT WARNING * * *
You feel ready to blink again.
Found a scroll of enchant armour.
Found 26 gold pieces.
Casting: Blink (safe; 1% risk of failure)
Confirm with . or Enter, or press ? or * to list all spells.
You blink.
* * * LOW HITPOINT WARNING * * *
You see here 26 gold pieces.
You feel ready to blink again.
A komodo dragon comes into view.
Found a runed ring mail and 13 gold pieces.
The komodo dragon hisses angrily.
The komodo dragon moves out of view.
The komodo dragon attacks as it pursues you!
The komodo dragon bites you!!
* * * LOW HITPOINT WARNING * * *
The komodo dragon attacks as it pursues you!
The komodo dragon bites you!!
You die...

****,* #.#.##.# *,*
#......# *,**
##***##.$###.#
*,,***##.#,*#P..# #.#
****,***.#...#*##..###.##
,,*,,***#.....###.....?.#
,,,,,,,,......[...##.P.##
,,,,,,,,.......l###....#*
********##...$.l@..#,...#
#...####......## ###,*
*#.#.### *,* **...#
**,****,,### *,,,*,**,*
**,,,,,,,* ****,**** ***


You could see 2 komodo dragons.

Vanquished Creatures
  A centaur warrior (D:8)
  4 two-headed ogres
  A cyclops (D:12)
  2 manticores (D:12)
  A black mamba (Lair:1)
  An unseen horror (D:12)
  2 efreet (Volcano)
  2 cane toads (Lair:1)
  Jeremiah (D:6)
  A kobold demonologist (D:10)
  A komodo dragon (Lair:1)
  4 trolls
  Grinder (D:6)
  A hornet (D:8)
  A shadow (D:11)
  A vampire (D:12)
  3 fire bats (Lair:1)
  4 fire elementals (Volcano)
  19 yaks
  A basilisk (D:12)
  A steam dragon (D:9)
  A water moccasin (Lair:1)
  4 orc warriors
  2 sky beasts
  5 wolves (Lair:1)
  3 centaurs
  2 phantoms
  9 kobold brigands
  A bullfrog (D:7)
  A gnoll sergeant (D:9)
  4 scorpions
  An earth elemental (Lair:1)
  2 wights (Ossuary)
  8 killer bees
  10 howler monkeys
  2 bombardier beetles (D:4)
  6 hounds
  A centaur skeleton (Ossuary)
  A jelly (D:8)
  3 orc priests
  3 spectral scorpions (Ossuary)
  2 gnoll boudas (D:7)
  4 iguanas
  Natasha (thrice) (D:3)
  4 sleepcaps
  4 orc wizards
  A crocodile zombie (Ossuary)
  8 mummies (Ossuary)
  15 gnolls
  6 adders
  2 shadow imps
  5 white imps
  An ufetubus (D:6)
  2 ribbon worms
  3 dart slugs
  22 orcs
  9 ball pythons
  10 endoplasms
  3 giant cockroaches
  5 goblins
  7 hobgoblins
  A jackal (D:1)
  32 kobolds
  5 quokkas
  3 bats
  2 gnoll skeletons (Ossuary)
  3 kobold skeletons (Ossuary)
  2 orc skeletons (Ossuary)
  4 rats
  10 spectral rats (Ossuary)
300 creatures vanquished.

Vanquished Creatures (collateral kills)
  A mummy (D:5)
  An adder (D:5)
2 creatures vanquished.

Grand Total: 302 creatures vanquished

Notes
Turn   | Place    | Note
-------+----------+-------------------------------------------
     0 | D:1      | cforsyth the Djinni Warper began the quest for the Orb.
     0 | D:1      | cforsyth set off with the following spells memorised:
                  | Blink, Lesser Beckoning, Teleport Other, Manifold Assault,
                  | Vhi's Electric Charge.
     0 | D:1      | Reached XP level 1. HP: 18/18 MP: 0/0
   151 | D:1      | Reached XP level 2. HP: 14/23 MP: 0/0
   511 | D:1      | Reached XP level 3. HP: 29/29 MP: 0/0
   511 | D:1      | Learned a level 1 spell: Sting
   985 | D:2      | Found an iron altar of Okawaru.
  1164 | D:2      | Reached skill level 3 in Fighting
  1188 | D:2      | Found a faded altar of an unknown god.
  1352 | D:2      | Found Arunent's Jewellery Emporium.
  1616 | D:3      | Noticed Natasha
  1621 | D:3      | Killed Natasha
  1622 | D:3      | Reached XP level 4. HP: 25/35 MP: 0/0
  1670 | D:3      | Noticed Natasha
  1678 | D:3      | Killed Natasha
  1684 | D:3      | Noticed Natasha
  1692 | D:3      | Reached XP level 5. HP: 30/40 MP: 0/0
  1692 | D:3      | Learned a level 2 spell: Call Imp
  1693 | D:3      | Killed Natasha
  1840 | D:3      | Reached skill level 4 in Fighting
  2667 | D:4      | Reached XP level 6. HP: 44/48 MP: 0/0
  2680 | D:4      | Found a staircase to the Ecumenical Temple.
  2819 | Temple   | Entered the Ecumenical Temple
  3068 | D:4      | Reached skill level 5 in Fighting
  3206 | D:4      | Reached XP level 7. HP: 42/54 MP: 0/0
  3206 | D:4      | Learned a level 2 spell: Searing Ray
  3366 | D:4      | Found Earendil's Dragon-Slaying Spoils.
  3462 | D:4      | Found a hazy altar of Hepliaklqana.
  3500 | D:5      | Entered Level 5 of the Dungeon
  3572 | D:5      | Found a sand-covered staircase.
  3664 | Ossuary  | Entered an ossuary
  4071 | Ossuary  | Reached skill level 5 in Spellcasting
  4071 | Ossuary  | Reached skill level 5 in Conjurations
  4071 | Ossuary  | Reached skill level 5 in Hexes
  4071 | Ossuary  | Reached skill level 5 in Summonings
  4071 | Ossuary  | Reached skill level 5 in Necromancy
  4071 | Ossuary  | Reached skill level 5 in Translocations
  4071 | Ossuary  | Reached skill level 5 in Fire Magic
  4071 | Ossuary  | Reached skill level 5 in Ice Magic
  4071 | Ossuary  | Reached skill level 5 in Air Magic
  4071 | Ossuary  | Reached skill level 5 in Earth Magic
  4071 | Ossuary  | Reached skill level 5 in Alchemy
  4259 | Ossuary  | Reached skill level 6 in Fighting
  4441 | Ossuary  | Reached XP level 8. HP: 48/61 MP: 0/0
  5539 | D:5      | Reached skill level 7 in Fighting
  6430 | D:6      | Noticed Jeremiah
  6758 | D:6      | Killed Jeremiah
  6759 | D:6      | Reached skill level 8 in Fighting
  6759 | D:6      | Reached XP level 9. HP: 55/70 MP: 0/0
  6759 | D:6      | Learned a level 3 spell: Mephitic Cloud
  6953 | D:6      | Noticed Grinder
  7092 | D:6      | Paralysed by Grinder for 4 turns
  7113 | D:6      | Killed Grinder
  7524 | D:6      | Reached skill level 9 in Fighting
  8858 | D:7      | Found Tivvaef's Magic Scroll Shop.
  8869 | D:7      | Reached XP level 10. HP: 59/79 MP: 0/0
  8940 | D:7      | Bought a scroll of identify for 22 gold pieces
  8940 | D:7      | Bought a scroll of identify for 22 gold pieces
  8940 | D:7      | Bought a scroll of teleportation for 33 gold pieces
  9375 | D:8      | Found a white marble altar of Elyvilon.
  9456 | D:8      | Found an iron altar of Okawaru.
  9469 | D:8      | Reached skill level 10 in Fighting
  9701 | D:8      | Noticed a centaur warrior
  9725 | D:8      | Killed a centaur warrior
 10171 | D:8      | Found a glowing golden altar of the Shining One.
 10226 | D:8      | Found a blossoming altar of Fedhas.
 10257 | D:8      | Found a broken altar of Ashenzari.
 10924 | D:8      | Became a worshipper of the Shining One
 11192 | D:9      | Noticed a two-headed ogre
 11205 | D:9      | Killed a two-headed ogre
 11206 | D:9      | Reached skill level 11 in Fighting
 11344 | D:9      | Found a bloodstained altar of Trog.
 11415 | D:9      | Found a shadowy altar of Dithmenos.
 11757 | D:9      | Found a runed translucent door.
 11757 | D:9      | Noticed a sixfirhy
 11810 | D:9      | Reached XP level 11. HP: 68/87 MP: 0/0
 11810 | D:9      | Learned a level 4 spell: Ignite Poison
 11966 | D:9      | Found a sparkling altar of Nemelex Xobeh.
 11979 | D:9      | Noticed a two-headed ogre
 11998 | D:9      | Killed a two-headed ogre
 11999 | D:9      | Reached skill level 12 in Fighting
 12347 | D:10     | Entered Level 10 of the Dungeon
 12351 | D:10     | Found an ornate altar of the Wu Jian Council.
 12357 | D:10     | Found a snail-covered altar of Cheibriados.
 12360 | D:10     | Found a hide-covered altar of Uskayaw.
 12612 | D:10     | Found Boareres's Armour Shop.
 12618 | D:10     | Bought the +2 cloak of Valour {Str-2 Dex+6 SInv Stlth-} for
                  | 425 gold pieces
 12772 | D:10     | Reached * piety under the Shining One
 12947 | D:10     | Found a staircase to the Lair.
 13073 | D:10     | Found a burning altar of Makhleb.
 13178 | D:10     | Reached skill level 10 in Spellcasting
 13178 | D:10     | Reached skill level 10 in Conjurations
 13178 | D:10     | Reached skill level 10 in Hexes
 13178 | D:10     | Reached skill level 10 in Summonings
 13178 | D:10     | Reached skill level 10 in Necromancy
 13178 | D:10     | Reached skill level 10 in Translocations
 13178 | D:10     | Reached skill level 10 in Fire Magic
 13178 | D:10     | Reached skill level 10 in Ice Magic
 13178 | D:10     | Reached skill level 10 in Air Magic
 13178 | D:10     | Reached skill level 10 in Earth Magic
 13178 | D:10     | Reached skill level 10 in Alchemy
 13393 | D:11     | Noticed a two-headed ogre
 13394 | D:11     | Noticed a two-headed ogre
 13406 | D:11     | Killed a two-headed ogre
 13408 | D:11     | Killed a two-headed ogre
 13409 | D:11     | Reached skill level 13 in Fighting
 13681 | D:12     | Noticed a manticore
 13687 | D:12     | Killed a manticore
 14134 | D:12     | Reached XP level 12. HP: 92/98 MP: 0/0
 14732 | D:12     | Found a staircase to the Orcish Mines.
 15011 | D:12     | Noticed a boulder beetle
 15224 | Lair:1   | Entered Level 1 of the Lair of Beasts
 15288 | Lair:1   | Reached skill level 14 in Fighting
 15296 | Lair:1   | Found a dark tunnel.
 15308 | Volcano  | Entered a volcano
 15334 | Volcano  | Reached ** piety under the Shining One
 15389 | Volcano  | HP: 2/100 [molten gargoyle/bolt of magma (18)]
 15882 | Lair:1   | Mangled by a komodo dragon

Illustrated notes

Levels and vault maps discovered:
D:1:      dpeg_arrival_brainrot, layout_basic
D:2:      cheibrodos_helix_gallery, layout_rooms, ebering_ecumenical_altar_box,
          basic_altar, serial_shops, shop
D:3:      layout_loops_ring, corexii_leaking_fountain, roderic_serpentine_path,
          uniq_natasha
D:4:      layout_cave_pools, lemuel_coloured_pillars_altar,
          minmay_temple_entry_wispy, nicolae_shop_dragon_depot
D:5:      layout_basic, gup_ossuary_entry_pyramid, dreamdust_mushroom_princess
D:6:      layout_loops_cross, serial_demonic, serial_demonic_c,
          serial_demonic_g, serial_demonic_e, serial_demonic_g,
          hangedman_decor_clover_reticule, uniq_jeremiah, uniq_grinder
D:7:      layout_loops_corners, serial_shops, shop_scrolls
D:8:      layout_layer_cave, tso_altar, mainiacjoe_overflow_paths,
          elyvilon_altar_5, nicolae_overflow_hidden_temple
D:9:      cheibrodos_shockbox, layout_irregular_city,
          mainiacjoe_overflow_alcove_4, general_overflow_altar,
          grunt_dithmenos_smoke, chequers_serial_rivers_micro_d,
          serial_park_tiny_2
D:10:     layout_roguey, nicolae_overflow_hallway_of_the_gods,
          marbit_many_paths, lair_entry_dummy, serial_shops,
          nicolae_shop_back_alley_shop
D:11:     layout_cave_pools, serial_bayou_pond_a
D:12:     layout_cave_pods, minmay_orc_entry_temple_small, patterned_corridor
Temple:   hellmonk_temple_beads
Lair:1:   gammafunk_indiana_jones, layout_loops_ring,
          nicolae_volcano_entry_batcave, serial_bayou_pond_e

Skill      XL: |  1  2  3  4  5  6  7  8  9 10 11 12 |
---------------+-------------------------------------+-----
Spellcasting   | 3 4 5 6 7 9 10 11 | 11.3
Conjurations   | 3 4 5 6 7 9 10 11 | 11.3
Hexes          | 3 4 5 6 7 9 10 11 | 11.3
Summonings     | 3 4 5 6 7 9 10 11 | 11.3
Necromancy     | 3 4 5 6 7 9 10 11 | 11.3
Translocations | 3 4 5 6 7 9 10 11 | 11.3
Fire Magic     | 3 4 5 6 7 9 10 11 | 11.3
Ice Magic      | 3 4 5 6 7 9 10 11 | 11.3
Air Magic      | 3 4 5 6 7 9 10 11 | 11.3
Earth Magic    | 3 4 5 6 7 9 10 11 | 11.3
Alchemy        | 3 4 5 6 7 9 10 11 | 11.3
Fighting       | 3 4 5 6 8 9 11 13 14 | 14.5
Long Blades    | |  1.7
Throwing       | |  0.7
Armour         | |  1.0
Dodging        | |  2.1

Action                     |  1- 3 |  4- 6 |  7- 9 | 10-12 || total
---------------------------+-------+-------+-------+-------++-------
  Melee: Falchion          |    83 |     2 |     4 |       ||    89
         Short sword       |       |       |       |     4 ||     4
  Throw: Dart              |     7 |       |       |       ||     7
   Cast: Sting             |    23 |   106 |    12 |    14 ||   155
         Searing Ray       |       |       |   133 |   109 ||   242
         Call Imp          |       |       |     5 |       ||     5
         Mephitic Cloud    |       |       |     2 |    62 ||    64
         Ignite Poison     |       |       |       |    35 ||    35
         Blink             |       |       |       |     5 ||     5
         Teleport Other    |       |       |       |     2 ||     2
  Evoke: Wand              |       |       |       |     9 ||     9
    Use: Scroll            |       |       |     2 |    17 ||    19
         Potion            |       |       |       |     4 ||     4
 Armour: Leather armour    |    62 |    27 |    71 |    23 ||   183
         Troll leather arm |       |       |       |   107 ||   107
  Dodge: Dodged            |    68 |    31 |   202 |   179 ||   480

Table legend: (Time is in decaauts)
 A = Elapsed time spent in this place.
 B = Non-inter-level travel time spent in this place.
 C = Inter-level travel time spent in this place.
 D = Time resting spent in this place.
 E = Time spent auto-exploring this place.
 F = Levels seen in this place.
 G = Mean time per level.
                   A        B        C        D        E       F      G
               +--------+--------+--------+--------+--------+-----+--------+
         Total |  15904 |  15361 |    543 |   2472 |  10470 |  16 |  994.0 |
       Dungeon |  14147 |  13606 |    541 |   2419 |   9314 |  12 | 1178.9 |
        Temple |     22 |     21 |      1 |      0 |     18 |   1 |   22.0 |
          Lair |    560 |    560 |      0 |      0 |    340 |   1 |  560.0 |
       Ossuary |   1077 |   1077 |      0 |     41 |    783 |   1 | 1077.0 |
       Volcano |     96 |     96 |      0 |     12 |     15 |   1 |   96.0 |
               +--------+--------+--------+--------+--------+-----+--------+

Top non-repeatable levels by time:
     D:6: 1768 daAuts
     D:5: 1732 daAuts
     D:8: 1590 daAuts
    D:12: 1525 daAuts
     D:9: 1379 daAuts
     D:7: 1273 daAuts
 Ossuary: 1077 daAuts
     D:3: 1012 daAuts
     D:1: 986 daAuts
    D:10: 891 daAuts
     D:4: 887 daAuts
     D:2: 637 daAuts
  Lair:1: 560 daAuts
    D:11: 462 daAuts
 Volcano: 96 daAuts
